 Dungeon Crawl Stone Soup version 0.26-a0-651-gb41185065b (webtiles) character file.

Game seed: 2474846433785811124

32 Irenicus the Digger (level 3, 19/28 HPs)
             Began as a Deep Dwarf Earth Elementalist on Oct 3, 2020.
             Quit the game on level 2 of the Dungeon.
             The game lasted 00:06:14 (990 turns).

Irenicus the Digger (Deep Dwarf Earth Elementalist)  Turns: 990, Time: 00:06:15

Health: 19/28      AC:  3    Str: 11    XL:     3   Next: 8%
Magic:  2/5        EV: 27    Int: 15    God:
Gold:   146        SH:  0    Dex: 14    Spells: 2/5 levels left

rFire    . . .     SeeInvis .   f - +0 dagger
rCold    . . .     Faith    .   (no shield)
rNeg     . . .     Spirit   .   j - +0 leather armour (curse)
rPois    .         Reflect  .   (no helmet)
rElec    .         Harm     .   (no cloak)
rCorr    +         Rampage  .   (no gloves)
MR       .....                  (no boots)
Stlth    ++........             l - amulet of the acrobat
HPRegen  0.00/turn              m - ring of resist corrosion
MPRegen  0.09/turn              (no ring)

@: acrobat, non-regenerating
A: damage resistance, heal wounds, sense surroundings 1, no regeneration
a: Heal Wounds


You were on level 2 of the Dungeon.
You visited 1 branch of the dungeon, and saw 3 of its levels.

You collected 146 gold pieces.

Inventory:

Hand Weapons
 f - a +0 dagger (weapon)
   (You took it off a goblin on level 1 of the Dungeon)
Missiles
 b - 126 stones (quivered)
Armour
 j - a cursed +0 leather armour (worn)
   (You found it on level 2 of the Dungeon)
Jewellery
 l - an amulet of the acrobat (around neck)
   (You found it on level 2 of the Dungeon)
 m - a ring of resist corrosion (left hand)
   (You found it on level 2 of the Dungeon)
Scrolls
 c - 2 scrolls of enchant weapon {unknown}
 d - 6 scrolls of identify {unknown}
 e - a scroll of teleportation {unknown}
 g - a scroll of fog {unknown}
 h - a scroll of magic mapping {unknown}
Potions
 a - a potion of degeneration {unknown}
 i - 2 potions of curing {unknown}
 k - a potion of resistance {unknown}


   Skills:
 - Level 2.1 Dodging
 - Level 2.4 Stealth
 - Level 1.7 Spellcasting
 - Level 0.8 Transmutations
 + Level 5.7 Earth Magic


You had 2 spell levels left.
You knew the following spells:

 Your Spells              Type           Power        Failure   Level
a - Sandblast             Erth           ###...       3%          1
w - Passwall              Tmut/Erth      ##......     12%         2

Your spell library contained the following spells:

 Spells                   Type           Power        Failure   Level
 Stone Arrow              Conj/Erth      #.....       28%         3
 Petrify                  Tmut/Erth      ##......     61%         4
 Lee's Rapid Deconstruct  Erth           ###.......   63%         5


Dungeon Overview and Level Annotations

Branches:
Dungeon (3/15)

Altars:
Elyvilon
Xom
Zin


Innate Abilities, Weirdness & Mutations

You are resistant to damage.
You can heal yourself by infusing magical energy.
You passively map a small area around you.
You do not regenerate.


Message History

d - 6 scrolls labeled NUTOUWNUFEA (gained 1)
Casting: Sandblast (safe; 3% risk of failure)
Confirm with . or Enter, or press ? or * to list all spells.
Press: ? - help, Dir - move target cursor A rock wall.
You miscast Passwall.
You are very lightly contaminated with residual magic.
Nothing appears to happen.
You now have 2/4 mp.
Unknown command.
Casting: Passwall (safe; 12% risk of failure)
Confirm with . or Enter, or press ? or * to list all spells.
Press: ? - help, Dir - move target cursor A rock wall.
You begin to meditate on the wall.
You continue meditating on the rock. x3
You finish merging with the rock.
You now have 0/4 mp.
Your magical contamination has completely faded away.
k - a golden potion
l - a twisted cameo amulet You start putting on your amulet.
You continue putting on your twisted cameo amulet. x5
You finish putting on your uncursed amulet of the acrobat.
You feel ready to tumble and roll out of harm's way.
l - an amulet of the acrobat (around neck) MP restored: 4
There is a stone staircase leading down here.
You climb downwards.
A goblin comes into view. It is wielding a +0 dagger.
The goblin shouts!
There is a stone staircase leading up here.
Found a long sword.
Found a stone staircase leading up.
Casting: Passwall (safe; 12% risk of failure)
Confirm with . or Enter, or press ? or * to list all spells.
Aiming: Sandblast (safe; 3% risk of failure)
Press: ? - help, Shift-Dir - straight line, f - goblin
Aim: a goblin, wielding a +0 dagger The blast of sand hits the goblin!
You kill the goblin!
b - 102 stones You now have 3/4 mp.
Found 27 stones.
Found a stone staircase leading up.
You open the door.
There is an open door here.
b - 129 stones (gained 27) MP restored: 4
There is a stone staircase leading up here.
You climb upwards.
There is a stone staircase leading down here.
You climb downwards.
There is a stone staircase leading up here.
There is a stone staircase leading up here.
You climb upwards.
The angel shouts!
There is a stone staircase leading down here.
The angel recites Zin's Axioms of Law.
A bat comes into view.
The bat barely misses you.
You barely miss the bat. The bat closely misses you. x2
The bat barely misses you.
You hit the bat.
The bat is moderately wounded.
The bat barely misses you. The bat misses you.
Casting: Sandblast (safe; 3% risk of failure)
Confirm with . or Enter, or press ? or * to list all spells.
Aiming: Sandblast (safe; 3% risk of failure)
Press: ? - help, Shift-Dir - straight line, f - bat
Aim: a bat (moderately wounded)
The blast of sand hits the bat.
You kill the bat!
You have reached level 3!
Your experience leads to an increase in your attributes!
Increase (s)trength, (i)ntelligence, or (d)exterity?
You feel agile.
b - 128 stones You regained 4 hp, and now have 19/28 hp.
You now have 3/5 mp.
m - an iron ring
m - a ring of resist corrosion (left hand)
A worm comes into view.
Casting: Sandblast (safe; 3% risk of failure)
Confirm with . or Enter, or press ? or * to list all spells.
Aiming: Sandblast (safe; 3% risk of failure)
Press: ? - help, Shift-Dir - straight line, f - worm
Aim: a worm (asleep)
The blast of sand hits the worm!
The worm is severely wounded.
b - 127 stones You now have 3/5 mp.
Casting: Sandblast (safe; 3% risk of failure)
Confirm with . or Enter, or press ? or * to list all spells.
Aiming: Sandblast (safe; 3% risk of failure)
Press: ? - help, Shift-Dir - straight line, f/p - worm
Aim: a worm (severely wounded)
The blast of sand hits the worm!
You kill the worm!
b - 126 stones You now have 2/5 mp.
Are you sure you want to abandon this character and quit the game? (Confirm with "yes".)

##..# , .#..## ,..#
.#...# #.# A#...####
#.# ##......# #.#
........# #.#
........# #.#
........# #.#
>.......# ####@####
.######## #.......#
..# #.###.#.# #.# #.
#.#.# #.# #.###.#.#
#.####### #.....#.#
+.......# #.......#
........#######.#####
................#


There were no monsters in sight!

Vanquished Creatures
  2 worms (D:2)
  A ball python (D:2)
  4 bats
  2 giant cockroaches (D:1)
  6 goblins
  2 hobgoblins (D:1)
  2 kobolds (D:1)
  A frilled lizard (D:1)
  4 rats (D:1)
24 creatures vanquished.

Notes
Turn   | Place    | Note
-------+----------+-------------------------------------------
     0 | D:1      | Irenicus the Deep Dwarf Earth Elementalist began the quest
                  | for the Orb.
     0 | D:1      | Reached XP level 1. HP: 15/15 MP: 3/3
   151 | D:1      | Reached XP level 2. HP: 16/22 MP: 0/4
   236 | D:1      | Reached skill level 5 in Earth Magic
   309 | D:1      | Learned a level 2 spell: Passwall
   726 | D:2      | Found a shimmering altar of Xom.
   727 | D:2      | Found a glowing silver altar of Zin.
   727 | D:2      | Noticed an angel
   862 | D:2      | Found a white marble altar of Elyvilon.
   971 | D:2      | Reached XP level 3. HP: 19/28 MP: 3/5
   990 | D:2      | Quit the game

Illustrated notes

Levels and vault maps discovered:
D:1:      dpeg_arrival_pits, layout_basic
D:2:      cheibrodos_old_hovel, layout_loops_cross,
          grunt_temple_overflow_order_and_chaos_1, elyvilon_altar_3
D:3:      layout_basic

Skill      XL: |  1  2 |
---------------+-------+-----
Earth Magic    | 5 |  5.7
Dodging        | |  2.1
Stealth        | |  2.4
Spellcasting   | |  1.7
Transmutations | |  0.8

Action                   || total
-------------------------++-------
Melee: Unarmed           ||     7
       Dagger            ||     9
 Cast: Sandblast         ||    27
       Passwall          ||     5
 Stab: Sleeping          ||     1
Armor: Robe              ||     9
Dodge: Dodged            ||    17

Table legend: (Time is in decaauts)
 A = Elapsed time spent in this place.
 B = Non-inter-level travel time spent in this place.
 C = Inter-level travel time spent in this place.
 D = Time resting spent in this place.
 E = Time spent auto-exploring this place.
 F = Levels seen in this place.
 G = Mean time per level.
                   A        B        C        D        E       F      G
               +--------+--------+--------+--------+--------+-----+--------+
         Total |    990 |    990 |      0 |      0 |      0 |   3 |  330.0 |
       Dungeon |    990 |    990 |      0 |      0 |      0 |   3 |  330.0 |
               +--------+--------+--------+--------+--------+-----+--------+

Top non-repeatable levels by time:
     D:1: 537 daAuts
     D:2: 430 daAuts
     D:3: 22 daAuts

Table legend:
 A = Kills in this place as a percentage of kills in entire the game.
 B = Kills by you in this place as a percentage of kills by you in the entire game.
 C = Kills by friends in this place as a percentage of kills by friends in the entire game.
 D = Other kills in this place as a percentage of other kills in the entire game.
 E = Experience gained in this place as a percentage of experience gained in the entire game.
 F = Experience gained in this place divided by the number of levels of this place that you have seen.
                   A       B       C       D       E      F
               +-------+-------+-------+-------+-------+----------------------
         Total | 100.0 | 100.0 |   N/A |   N/A | 100.0 |  15.3
       Dungeon | 100.0 | 100.0 |   N/A |   N/A | 100.0 |  15.3
               +-------+-------+-------+-------+-------+----------------------
